 Dungeon Crawl Stone Soup version 0.13-a0-3060-g5a62039 (webtiles) character file.

26748 kchris the Hoplite (level 12, -23/106 HPs)
             Began as a Deep Dwarf Fighter on Sept 15, 2013.
             Was an Elder of Trog.
             Annihilated by an enormous slime creature (66 damage)
             ... on Level 12 of the Dungeon.
             The game lasted 01:37:31 (14501 turns).

kchris the Hoplite (Deep Dwarf Fighter)            Turns: 14501, Time: 01:37:31

HP -23/106       AC 22     Str 25      XL: 12   Next: 95%
MP   1/1         EV  6     Int  9      God: Trog [****..]
Gold 676         SH 28     Dex 12      Spells:  0 memorised, 13 levels left

Res.Fire  : . . .   See Invis. : .   a - +2,+6 dwarf hand axe {=f}
Res.Cold  : + . .   Warding    : .   I - +0 plate armour
Life Prot.: . . .   Conserve   : .   c - +0 dwarf shield
Res.Poison: .       Res.Corr.  : .   U - +0 horned helmet
Res.Elec. : .       Clarity    : .   o - +1 elf cloak {darkness}
Sust.Abil.: + .     Spirit.Shd : .   (no gloves)
Res.Mut.  : +       Stasis     : .   D - +2 pair of boots
Res.Rott. : .       Flight     : .   u - amulet of resist mutation
Saprovore : . . .                    H - ring of protection from cold
                                     N - ring of sustain abilities

@: non-regenerating, drained, quite resistant to hostile enchantments, extremely
unstealthy
A: damage resistance, recharge devices, sense surroundings 2, slow healing 3
a: Device Recharging, Burn Spellbooks, Berserk, Trog's Hand, Brothers in Arms,
Renounce Religion, Evoke Invisibility


You were on level 12 of the Dungeon.
You worshipped Trog.
Trog was extremely pleased with you.
You were near starving.

You visited 3 branches of the dungeon, and saw 16 of its levels.
You also visited: Ice Cave.

You collected 1016 gold pieces.
You spent 360 gold pieces at shops.

Inventory:

Hand weapons
 a - a +2,+6 dwarven hand axe (weapon) {=f}
 b - a +2,+1 dwarven great mace of protection
 e - a +3,+1 orcish hand axe (quivered)
 f - a cursed +1,+2 trident of freezing
 r - a +1,+1 orcish glaive of venom
 Z - a +1,+2 orcish hand axe of venom
Armour
 c - a +0 dwarven shield (worn)
 k - the cursed +0 robe of Ocradd {Str+3 Dex+4}
   (You took it off an orc on level 10 of the Dungeon)

   It affects your strength (+3).
   It affects your dexterity (+4).
   It has a curse placed upon it.
 n - a cursed +0 orcish chain mail
 o - a +1 elven cloak of darkness (worn)
 p - a +0 orcish scale mail of cold resistance
 q - a +2 orcish ring mail
 t - a +0 orcish scale mail
 v - a +0 orcish chain mail
 x - a cursed +0 orcish chain mail
 y - a +0 orcish scale mail
 D - a +2 pair of boots (worn)
 E - the +2 robe "Inejus" {Str+4 Stlth--}
   (You found it on level 6 of the Dungeon)

   It affects your strength (+4).
   It makes you much less stealthy.
 I - a +0 plate armour (worn)
 U - a +0 horned helmet (worn)
Magical devices
 d - a wand of heal wounds (2)
 B - a wand of draining (0)
 G - a wand of disintegration (0)
 O - a wand of random effects (0)
Scrolls
 w - 2 scrolls of remove curse
 P - a scroll of magic mapping
Jewellery
 u - an amulet of resist mutation (around neck)
 H - a ring of protection from cold (right hand)
 L - an uncursed ring of poison resistance
 N - a ring of sustain abilities (left hand)
Potions
 j - 4 potions of might
 s - a potion of curing
 S - 2 potions of beneficial mutation {unknown}
 T - a potion of invisibility
Books
 i - a book of Geomancy

   Spells                             Type                      Level
   Sandblast                          Earth                        1
   Stoneskin                          Transmutation/Earth          2
   Passwall                           Transmutation/Earth          3
   Stone Arrow                        Conjuration/Earth            3
   Petrify                            Transmutation/Earth          4
   Lee's Rapid Deconstruction         Earth                        5
   Trog disapproves of the use of such an item.


   Skills:
 + Level 6.8(6.7) Fighting
 + Level 9.9(9.8) Axes
 + Level 3.1(3.0) Maces & Flails
 + Level 2.6(2.5) Polearms
 + Level 1.6(1.5) Throwing
 + Level 10.7(10.6) Armour
 + Level 9.2(9.1) Dodging
 + Level 3.3(3.2) Stealth
 + Level 12.0(11.9) Shields
 + Level 1.8(1.7) Unarmed Combat
 + Level 1.4(1.3) Spellcasting
 + Level 6.7(6.6) Evocations


You had 13 spell levels left.
You didn't know any spells.

Dungeon Overview and Level Annotations

Branches:
Dungeon (12/27)            Temple (1/1) D:4             Orc (3/4) D:6
    Elf: Orc:3-4       Lair: D:8-13

Altars:
Ashenzari
Cheibriados
Elyvilon
Fedhas
Kikubaaqudgha
Makhleb
Nemelex Xobeh
Okawaru
Sif Muna
Trog
Vehumet
Xom
Yredelemnul
Zin
the Shining One

Shops:
D:8 /


Innate Abilities, Weirdness & Mutations

You are resistant to damage.
You can recharge devices by infusing magical energy.
You passively map the area around you.
You do not heal naturally.


Message History

* * * LOW HITPOINT WARNING * * *
You block the large slime creature's attack.
Things that are here:
an orcish dagger; an orcish robe; an orc corpse Zapping:
d - a wand of heal wounds (1)
Press: ? - help, Shift-Dir - straight line, f - you You feel much better.
This wand has 0 charges left.
Two slime creatures merge to form a very large slime creature.
The orc priest utters an invocation to Beogh.
You feel a wave of unholy energy pass over you.
The orc wizard hits you but does no damage.
Two slime creatures merge to form an enormous slime creature.
Use which ability? (? or * to list) Charge which item? (? for menu, Esc to quit)
Your wand of heal wounds (0) glows for a moment and now has 2 charges.
You block the orc priest's attack.
The orc wizard hits you but does no damage.
The enormous slime creature hits you!
Ouch! That really hurt!
You die...

, ** , * *
##. * **
....* * * *
#....##* , *
* * * #.....
, , , , ,
##..... ** *
* #.....o## *
* * #.co@#
*.### * ,,,
** ,*
#..##J## ...
, * #.#
#Z.###.#* *
,.. ##.#
##....#*
,,,....###..
##...#
...Z.....##
#...# *#..
*#..#####..##
* #..
##.......## *
##..##
#.....###


You could see an enormous slime creature, a centaur, an orc priest, an orc
wizard and an eight-headed hydra skeleton.

Vanquished Creatures
  Nessos (D:11)
  An unseen horror (D:11)
  2 hill giants
  A troll (D:9)
  10 polar bears (IceCv)
  Prince Ribbit (D:6)
  The ghost of Duskembrace the Insei, an average DsTm (D:5)
  8 yaks
  3 hippogriffs
  3 hungry ghosts
  A deep elf fighter (D:6)
  4 porcupines (D:9)
  7 wolves (IceCv)
  7 ice beasts
  8 orc warriors
  9 ogres
  A phantom (D:10)
  2 black bears
  A sky beast (D:9)
  4 centaurs
  A crocodile (D:8)
  A warg (Orc:1)
  Duvessa (D:8)
  5 giant frogs
  Blork the orc (D:9)
  A water moccasin (D:10)
  A cyclops skeleton (D:12)
  11 wights
  2 hippogriff zombies (D:7)
  15 killer bees
  An eye of draining (D:10)
  A troll skeleton (D:11)
  A fire bat (D:9)
  4 goliath beetles (D:10)
  Dowan (D:8)
  A giant frog zombie (D:12)
  3 crimson imps
  5 hounds
  Crazy Yiuf (D:2)
  2 centaur skeletons (D:4)
  19 orc priests
  A giant frog skeleton (D:6)
  6 iguanas
  4 scorpions
  7 worker ants
  23 orc wizards
  A black bear skeleton (D:7)
  Ijyb (D:2)
  3 mummies
  5 adders
  A giant centipede (D:11)
  2 giant mites
  3 worms
  3 giant eyeballs
  3 giant geckos
  An ooze (D:4)
  144 orcs
  8 giant cockroaches
  8 goblins
  23 hobgoblins
  11 jackals
  8 quokkas
  3 ball pythons
  18 bats
  5 giant newts
  14 kobolds
  2 kobold zombies
  An orc skeleton (D:9)
  16 rats
  10 spectral orcs
  5 ballistomycetes
  2 fungi (D:2)
  A plant (D:9)
496 creatures vanquished.

Vanquished Creatures (collateral kills)
  A lindwurm (D:11)
  A spectral orc (D:11)
2 creatures vanquished.

Vanquished Creatures (others)
  A grizzly bear (D:11)
  2 giant spores
  A ballistomycete (D:10)
4 creatures vanquished.

Grand Total: 502 creatures vanquished

Notes
Turn   | Place    | Note
--------------------------------------------------------------
     0 | D:1      | kchris, the Deep Dwarf Fighter, began the quest for the Orb.
     0 | D:1      | Reached XP level 1. HP: 21/21 MP: 0/0
   281 | D:1      | Reached XP level 2. HP: 22/28 MP: 1/1
   759 | D:2      | Noticed Ijyb
   810 | D:2      | Killed Ijyb
   810 | D:2      | Reached XP level 3. HP: 14/36 MP: 2/2
  1409 | D:2      | Reached skill level 4 in Armour
  1571 | D:2      | Noticed Crazy Yiuf
  1620 | D:2      | Killed Crazy Yiuf
  1620 | D:2      | Reached skill level 1 in Dodging
  1620 | D:2      | Reached XP level 4. HP: 38/43 MP: 0/3
  2072 | D:3      | Reached XP level 5. HP: 39/50 MP: 4/4
  2493 | D:4      | Found a staircase to the Ecumenical Temple.
  2544 | Temple   | Entered the Ecumenical Temple
  2844 | Temple   | Became a worshipper of Trog the Wrathful
  3251 | D:4      | Reached XP level 6. HP: 35/57 MP: 5/5
  3392 | D:5      | Entered Level 5 of the Dungeon
  3475 | D:5      | Noticed Duskembrace's ghost (average DsTm)
  3539 | D:5      | Killed Duskembrace's ghost
  3539 | D:5      | Reached skill level 5 in Armour
  3539 | D:5      | Reached skill level 5 in Shields
  3796 | D:5      | Reached XP level 7. HP: 31/64 MP: 6/6
  4129 | D:5      | Acquired Trog's first power
  4197 | D:6      | Noticed Prince Ribbit
  4231 | D:6      | Killed Prince Ribbit
  4315 | D:6      | Reached skill level 6 in Armour
  4366 | D:6      | Reached XP level 8. HP: 33/73 MP: 7/7
  4409 | D:6      | Reached skill level 1 in Evocations
  4444 | D:6      | Reached skill level 5 in Dodging
  4646 | D:6      | Got an ancient robe
  4692 | D:6      | Reached skill level 5 in Axes
  4850 | D:6      | Found a staircase to the Orcish Mines.
  5003 | D:6      | Noticed a deep elf fighter
  5013 | D:6      | Killed a deep elf fighter
  5013 | D:6      | Reached skill level 1 in Stealth
  5013 | D:6      | Reached skill level 7 in Shields
  5015 | D:6      | Acquired Trog's second power
  5153 | Orc:1    | Entered Level 1 of the Orcish Mines
  5310 | D:7      | Gained mutation: You passively map the area around you. [level up]
  5310 | D:7      | Reached XP level 9. HP: 43/79 MP: 9/9
  6356 | D:8      | HP: 3/79 [crocodile (13)]
  6481 | D:8      | Found Kheanic's Magical Wand Shoppe.
  6502 | D:8      | Bought a wand of draining (6) for 150 gold pieces
  6502 | D:8      | Bought a wand of disintegration (10) for 210 gold pieces
  6517 | D:8      | Noticed Duvessa
  6518 | D:8      | Noticed Dowan
  6536 | D:8      | Killed Duvessa
  6543 | D:8      | Killed Dowan
  6639 | D:8      | Reached skill level 8 in Shields
  7001 | D:8      | Found a white marble altar of Elyvilon.
  7022 | D:8      | Found a shattered altar of Ashenzari.
  7023 | D:8      | Found a shimmering altar of Xom.
  7191 | D:8      | Noticed a hill giant
  7213 | D:8      | Killed a hill giant
  7213 | D:8      | Reached skill level 5 in Fighting
  7213 | D:8      | Reached XP level 10. HP: 46/88 MP: 10/10
  7412 | D:9      | Noticed Blork the orc
  7428 | D:9      | Killed Blork the orc
  8094 | D:9      | Reached skill level 9 in Shields
  8455 | D:10     | Entered Level 10 of the Dungeon
  8472 | D:9      | Acquired Trog's third power
  8523 | D:10     | Paralysed by a giant eyeball for 2 turns
  8536 | D:10     | Paralysed by a giant eyeball for 4 turns
  9120 | D:10     | Got an ominously black robe
  9121 | D:10     | Identified the cursed +0 robe of Ocradd {Str+3 Dex+4} (You took it off an orc on level 10 of the Dungeon)
  9121 | D:10     | Identified the +2 robe "Inejus" {Str+4 Stlth--} (You found it on level 6 of the Dungeon)
  9150 | D:11     | Noticed a six-headed hydra
  9159 | D:11     | Noticed Nergalle
  9387 | D:11     | Noticed a hill giant
  9693 | D:11     | Killed a hill giant
  9693 | D:11     | Reached skill level 10 in Shields
  9693 | D:11     | Reached XP level 11. HP: 54/96 MP: 10/10
  9846 | D:11     | Paralysed by a giant eyeball for 4 turns
  9932 | D:11     | Paralysed by a giant eyeball for 3 turns
  9959 | D:11     | Paralysed by a giant eyeball for 2 turns
 10003 | D:11     | Noticed Nergalle
 10003 | D:11     | Nergalle changed into Nergalle the lindwurm
 10024 | D:11     | Killed Nergalle the lindwurm
 10205 | D:11     | Noticed Nessos
 10219 | D:10     | Noticed a hill giant
 11954 | Orc:1    | HP: 4/97 [orc warrior/orcish flail (16)]
 12557 | Orc:2    | Received a gift from Trog
 12755 | Orc:2    | Found a frozen archway.
 12769 | IceCv    | Entered an ice cave
 12847 | IceCv    | Reached skill level 10 in Armour
 12921 | IceCv    | Reached skill level 11 in Shields
 13372 | IceCv    | Noticed an ice statue
 13544 | IceCv    | Noticed a frost giant
 13621 | IceCv    | Reached skill level 1 in Throwing
 13621 | IceCv    | Reached skill level 1 in Unarmed Combat
 13621 | IceCv    | Reached skill level 1 in Spellcasting
 13621 | IceCv    | Reached skill level 5 in Evocations
 13621 | IceCv    | Reached XP level 12. HP: 43/106 MP: 1/3
 14259 | D:11     | Killed an unseen horror
 14324 | D:11     | Killed Nessos
 14324 | D:11     | Reached skill level 12 in Shields
 14420 | D:11     | Paralysed by a giant eyeball for 2 turns
 14427 | D:11     | Paralysed by a giant eyeball for 3 turns
 14501 | D:12     | Annihilated by an enormous slime creature

Action                   |  1- 3 |  4- 6 |  7- 9 | 10-12 || total
-------------------------+-------+-------+-------+-------++-------
Melee: Hand axe          |   167 |   247 |   500 |  1355 ||  2269
       Unarmed           |     3 |       |       |       ||     3
Invok: Burn Spellbooks   |       |     1 |       |       ||     1
       Trog's Hand       |       |       |     4 |    33 ||    37
       Berserk           |       |       |       |     1 ||     1
       Brothers in Arms  |       |       |       |     3 ||     3
 Abil: Device Recharging |       |       |     4 |    16 ||    20
Evoke: Wand              |     3 |     2 |    21 |   108 ||   134
  Use: Scroll            |     4 |    10 |    15 |    20 ||    49
       Potion            |     3 |     8 |     5 |     5 ||    21
 Stab: Fleeing           |       |       |       |     1 ||     1
